 Dungeon Crawl Stone Soup version 0.19-a0-559-ga3d69d0 (webtiles) character file.

50704 mistymad the Covert (level 14, -10/106 HPs)
             Began as a Vampire Enchanter on June 8, 2016.
             Was a High Priest of Ashenzari.
             Mangled by a komodo dragon (17 damage)
             ... on level 8 of the Lair of Beasts.
             The game lasted 01:24:44 (22819 turns).

mistymad the Covert (Vampire Enchanter)            Turns: 22819, Time: 01:24:45

Health: -10/106    AC:  9    Str: 11    XL:     14   Next: 20%
Magic:  18/26      EV: 17    Int: 22    God:    Ashenzari [*****.]
Gold:   1024       SH:  0    Dex: 16    Spells: 7 memorised, 3 levels left

rFire  + + .     SeeInvis +     N - +5 dagger of an ossuary {freeze, rElec Str+6 Dex-3} (curse)
rCold  . . .     Gourm    .     V - +0 ring mail of the Sea {rF++ Str-2 Slay+3} (curse)
rNeg   + . .     Faith    .     (no shield)
rPois  .         Spirit   .     g - +0 helmet
rElec  +         Dismiss  .     a - +0 cloak
rCorr  .         Reflect  .     o - +1 pair of gloves
SustAt .         Harm     .     (no boots)
MR     +....     Clarity  +     q - amulet of regeneration
Stlth  ++++++....               (no ring)
                                w - +4 ring of intelligence

@: lethally poisoned (-10 -> -10), somewhat resistant to hostile enchantments,
very stealthy
A: fangs 3, see invisible, unbreathing
a: Bat Form, Curse Item, Scrying, Transfer Knowledge, Renounce Religion


You were on level 8 of the Lair of Beasts.
You worshipped Ashenzari.
Ashenzari was extremely pleased with you.
You were not thirsty.

You visited 3 branches of the dungeon, and saw 19 of its levels.
You also visited: Labyrinth and Volcano.

You collected 1024 gold pieces.

Inventory:

Hand Weapons
 M - the +4 dagger "Morg" {pain, MR+ Int+5}
   (You found it on level 3 of the Lair of Beasts)

   In the hands of one skilled in necromantic magic, it inflicts extra damage on
   living creatures.
   It affects your intelligence (+5).
   It affects your resistance to hostile enchantments.
 N - the cursed +5 dagger of an ossuary (weapon) {freeze, rElec Str+6 Dex-3}
   (You found it on level 9 of the Dungeon)

   It has been specially enchanted to freeze those struck by it, causing extra
   injury to most foes and up to half again as much damage against particularly
   susceptible opponents.
   It can also slow down cold-blooded creatures.
   It affects your strength (+6).
   It affects your dexterity (-3).
   It insulates you from electricity.
   It has a curse placed upon it.
Armour
 a - a +0 cloak (worn)
 g - a +0 helmet (worn)
 o - a +1 pair of gloves (worn)
 V - the cursed +0 ring mail of the Sea (worn) {rF++ Str-2 Slay+3}
   (You found it in a labyrinth)

   It affects your strength (-2).
   It affects your accuracy and damage with ranged weapons and melee attacks
   (+3).
   It greatly protects you from fire.
   It has a curse placed upon it.
Jewellery
 q - an amulet of regeneration (around neck)
 w - a +4 ring of intelligence (left hand)
 E - an uncursed ring of ice
 P - an uncursed ring of ice
 Q - an uncursed ring of fire
Wands
 b - a wand of flame (28/48)
 D - a wand of enslavement (9/24)
 G - a wand of digging (10/24)
 I - a wand of flame (6/48)
 L - a wand of lightning (9/15)
 S - a wand of lightning (7/15)
 W - a wand of digging (15/24)
Scrolls
 e - 4 scrolls of enchant armour
 f - 7 scrolls of blinking
 i - 3 scrolls of enchant weapon
 j - 3 scrolls of fog
 k - 5 scrolls of amnesia
 m - 2 scrolls of fear
 y - 5 scrolls of recharging
 B - a scroll of brand weapon
 C - 3 scrolls of identify
 H - 4 scrolls of remove curse
 J - 5 scrolls of teleportation {unknown}
 K - 3 scrolls of magic mapping {unknown}
 R - a scroll of vulnerability {unknown}
Potions
 c - a potion of brilliance {unknown}
 d - 29 potions of blood
 h - 4 potions of flight {unknown}
 l - a potion of resistance {unknown}
 n - 6 potions of heal wounds {unknown}
 p - 3 potions of agility {unknown}
 r - a potion of haste {unknown}
 s - 3 potions of might {unknown}
 t - 5 potions of curing {unknown}
 u - 2 potions of mutation {unknown}
 v - 5 potions of berserk rage {unknown}
 x - 3 potions of degeneration {unknown}
 z - 2 potions of cure mutation {unknown}
 A - a potion of magic {unknown}


   Skills:
 + Level 8.4 Fighting
 + Level 10.2(14.0) Short Blades
 + Level 10.7 Dodging
 + Level 14.4 Stealth
 + Level 8.9 Spellcasting
 + Level 13.2 Hexes
 + Level 6.6 Charms
 + Level 6.8 Summonings
 + Level 6.3 Air Magic


You had 3 spell levels left.
You knew the following spells:

 Your Spells              Type           Power        Failure   Level  Hunger
a - Invisibility          Hex            ######..     12%         6    ######.
b - Ensorcelled Hibernat  Hex/Ice        #####.       1%          2    None
c - Confuse               Hex            ######..     1%          3    None
d - Tukima's Dance        Hex            ######..     1%          3    None
e - Dazzling Spray        Conj/Hex       #####.       3%          3    None
f - Summon Lightning Spi  Summ/Air       #####...     14%         4    ##.....
g - Deflect Missiles      Chrm/Air       #####.....   99%         6    ######.


Dungeon Overview and Level Annotations

Branches:
Dungeon (10/15)            Temple (1/1) D:7            Lair (8/8) D:10
 Shoals (0/4) Lair:3       Spider (0/4) Lair:4        Slime (0/6) Lair:8
    Orc (0/2) D:9

Altars:
Ashenzari
Cheibriados
Dithmenos
Elyvilon
Fedhas
Gozag
Hepliaklqana
Kikubaaqudgha
Makhleb
Nemelex Xobeh
Okawaru
Pakellas
Qazlal
Ru
Sif Muna
Trog
Uskayaw
Vehumet
Xom
Yredelemnul
Zin
The Shining One
Jiyva

Shops:
D:8 }

Annotations:
D:4 exclusion: 2 doors
D:10 1 runed door
Lair:2 exclusion: oklob plant


Innate Abilities, Weirdness & Mutations

You have razor-sharp teeth.
You have supernaturally acute eyesight. (SInv)
You can survive without breathing.


Message History

You feel sick. The komodo dragon bites you!!
* * * LOW HITPOINT WARNING * * *
You take 20 damage, and have 30/106 hp.
Casting: Confuse
Confirm with . or Enter, or press ? or * to list all spells.
Aiming: Ensorcelled Hibernation
Press: ? - help, Shift-Dir - straight line, f - komodo dragon
Aim: a komodo dragon (chance to defeat MR: 50%)
The komodo dragon resists with some effort.
The komodo dragon bites you!!
* * * LOW HITPOINT WARNING * * *
You take 24 damage, and have 7/106 hp.
MASSIVE DAMAGE!!
You now have 20/26 mp.
Casting: Ensorcelled Hibernation
Confirm with . or Enter, or press ? or * to list all spells.
Aiming: Confuse
Press: ? - help, Shift-Dir - straight line, f/p - komodo dragon
Aim: a komodo dragon (chance to defeat MR: 61%)
The komodo dragon resists with significant effort.
The komodo dragon bites you!
You die...

##≈≈≈≈≈≈≈≈≈.≈.≈≈#...P.........P##
#.≈≈≈≈P≈≈≈≈≈≈..#...PP..P.......#
##≈.≈≈P≈≈≈.≈≈≈P##...........####
≈ *≈≈.≈≈≈≈P≈≈≈≈.≈#,.........##
≈≈≈≈≈≈≈PP≈≈≈≈.#,P.........# ≈
#≈≈≈≈P≈≈≈≈.≈≈≈# P.PPPP....## ≈
.≈≈≈≈≈≈≈≈≈≈≈≈.##.P.PP....#.### ≈
*≈P≈≈≈≈≈≈≈≈≈≈..#..PPPP...#...# ≈*
...≈.≈P≈≈≈≈l@.#...PP.......## ≈
*PPP.≈≈≈≈≈≈≈≈≈≈#.............. ≈
≈≈PPP.≈≈≈.≈≈≈≈≈P.............. ≈
(PP.≈≈≈≈≈≈≈≈.≈.............. ≈ ≈≈
[[PP≈PP≈≈≈≈≈...............P
,=!PP≈≈≈≈.≈≈P...............# ≈≈
≈,[P#≈≈P≈≈≈P≈...........P....
PP#≈≈≈≈P≈≈≈.≈.......†.###.# ≈ ≈≈
* ≈P≈≈..........P......


You could see a komodo dragon.

Vanquished Creatures
  Kirke (Lair:7)
  A minotaur (Lab)
  5 hydras
  A catoblepas (Lair:4)
  12 death yaks
  Nergalle (D:10)
  Pikel (D:9)
  3 griffons
  A black mamba (Lair:6)
  12 elephants
  10 spiny frogs
  A gargoyle (Volcano)
  An efreet (Volcano)
  2 rime drakes (Lair:7)
  3 komodo dragons
  A polar bear (Lair:7)
  A troll (D:9)
  Prince Ribbit (D:8)
  27 blink frogs
  2 boulder beetles (Lair:7)
  Sigmund (D:4)
  2 wyverns (D:10)
  3 basilisks
  34 yaks
  2 hogs (Lair:7)
  8 hippogriffs
  A hungry ghost (D:6)
  3 vampire mosquitoes (Lair:8)
  2 fire elementals (Volcano)
  Duvessa (D:4)
  Edmund (D:4)
  9 porcupines
  18 water moccasins
  3 ice beasts
  2 slaves (D:9)
  4 orc warriors
  3 sky beasts
  A wasp (D:7)
  A necrophage (D:9)
  A black bear (Lair:3)
  28 wolves
  3 ogres
  4 phantoms
  6 centaurs
  13 crocodiles
  2 big kobolds
  19 giant frogs
  The ghost of ololoev the Firebug, an amateur DEFE (D:4)
  Blork the orc (D:4)
  Dowan (D:4)
  3 scorpions
  3 killer bees (D:7)
  5 wights
  A howler monkey (D:3)
  5 electric eels
  3 crimson imps
  A quasit (D:10)
  A giant frog zombie (D:5)
  2 giant frog skeletons
  3 hounds
  4 orc priests
  4 jellies
  4 orc wizards
  8 iguanas
  A human skeleton (D:10)
  5 worker ants
  2 sheep (D:10)
  A hound skeleton (D:4)
  2 hound zombies
  A worker ant zombie (D:5)
  11 adders
  56 river rats
  A shadow imp (D:6)
  An ooze (D:4)
  An adder zombie (D:6)
  A worm (D:3)
  2 giant geckos
  31 orcs
  6 bats
  10 giant cockroaches
  5 goblins
  4 hobgoblins
  17 jackals
  A quokka (D:5)
  A ball python (D:4)
  A giant gecko skeleton (D:6)
  9 giant newts
  A jackal zombie (D:7)
  18 kobolds
  3 quokka skeletons
  A quokka zombie (D:8)
  7 rats
  A plant (Lair:6)
513 creatures vanquished.

Vanquished Creatures (collateral kills)
  An ogre (D:5)
1 creature vanquished.

Vanquished Creatures (others)
  4 humans (Lair:7)
  A slave (D:9)
  A scorpion (D:9)
  A butterfly (Lair:4)
  12 fungi
  9 plants
28 creatures vanquished.

Grand Total: 542 creatures vanquished

Notes
Turn   | Place    | Note
--------------------------------------------------------------
     0 | D:1      | mistymad the Vampire Enchanter began the quest for the Orb.
     0 | D:1      | Reached XP level 1. HP: 13/13 MP: 3/3
   514 | D:1      | Reached XP level 2. HP: 19/19 MP: 5/5
   911 | D:1      | Learned a level 2 spell: Ensorcelled Hibernation
  1463 | D:2      | Found a deep blue altar of Sif Muna.
  1518 | D:2      | Reached XP level 3. HP: 25/25 MP: 6/6
  1751 | D:2      | Learned a level 3 spell: Confuse
  1763 | D:2      | Reached skill level 5 in Hexes
  1909 | D:2      | Reached skill level 5 in Stealth
  2540 | D:3      | Reached skill level 1 in Fighting
  2540 | D:3      | Reached XP level 4. HP: 32/32 MP: 4/7
  2962 | D:4      | Noticed Duvessa
  2962 | D:4      | Noticed Dowan
  2983 | D:4      | Noticed a phantom
  3069 | D:3      | Killed a phantom
  3069 | D:3      | Reached XP level 5. HP: 20/37 MP: 1/9
  3397 | D:4      | Noticed a phantom
  3777 | D:3      | Reached XP level 6. HP: 40/44 MP: 4/10
  3975 | D:3      | Reached skill level 6 in Stealth
  4567 | D:4      | Killed Duvessa
  4606 | D:3      | Reached XP level 7. HP: 44/50 MP: 9/11
  4642 | D:4      | Killed Dowan
  4769 | D:4      | Noticed Sigmund
  4794 | D:4      | Noticed ololoev's ghost (amateur DEFE)
  4804 | D:4      | Killed ololoev's ghost
  4884 | D:4      | Killed Sigmund
  4884 | D:4      | Reached skill level 7 in Stealth
  4910 | D:4      | Found a shimmering altar of Xom.
  4940 | D:4      | Noticed Blork the orc
  4943 | D:4      | Killed Blork the orc
  4943 | D:4      | Reached XP level 8. HP: 58/58 MP: 13/13
  5035 | D:4      | Reached skill level 5 in Dodging
  5101 | D:4      | Learned a level 3 spell: Tukima's Dance
  5105 | D:4      | Learned a level 3 spell: Dazzling Spray
  5184 | D:4      | Noticed Edmund
  5206 | D:4      | Killed Edmund
  5608 | D:4      | Found a sacrificial altar of Ru.
  5608 | D:4      | Found a stormy altar of Qazlal.
  5746 | D:5      | Entered Level 5 of the Dungeon
  5906 | D:5      | Found a radiant altar of Vehumet.
  6142 | D:5      | Reached skill level 8 in Stealth
  6523 | D:5      | Reached skill level 5 in Short Blades
  6882 | D:6      | Found a radiant altar of Vehumet.
  6988 | D:6      | Reached XP level 9. HP: 65/65 MP: 10/15
  7009 | D:6      | Found a snail-covered altar of Cheibriados.
  7293 | D:6      | Found a snail-covered altar of Cheibriados.
  7449 | D:6      | Reached skill level 9 in Stealth
  7647 | D:7      | Found a staircase to the Ecumenical Temple.
  7692 | D:7      | Found a shimmering altar of Xom.
  7704 | Temple   | Entered the Ecumenical Temple
  7736 | Temple   | Became a worshipper of Ashenzari the Shackled
  8082 | D:7      | Found a basalt altar of Yredelemnul.
  8119 | D:7      | Found a glowing golden altar of the Shining One.
  8121 | D:7      | Noticed an angel
  8174 | D:7      | Reached skill level 5 in Spellcasting
  8637 | D:7      | Found a hazy altar of Hepliaklqana.
  9138 | D:8      | Reached skill level 10 in Stealth
  9339 | D:8      | Noticed Prince Ribbit
  9375 | D:8      | Killed Prince Ribbit
  9375 | D:8      | Reached XP level 10. HP: 73/73 MP: 13/18
  9475 | D:8      | Noticed an angel
  9476 | D:8      | Found a glowing silver altar of Zin.
  9495 | D:8      | Found an oddly glowing altar of Pakellas.
  9495 | D:8      | Found Pakellas's Prime Provisions.
  9585 | D:9      | Noticed Pikel
  9896 | D:9      | Found a staircase to the Orcish Mines.
 10038 | D:9      | Killed Pikel
 10038 | D:9      | Reached skill level 5 in Fighting
 10175 | D:9      | Reached * piety under Ashenzari
 10234 | D:9      | Reached skill level 10 in Hexes
 10739 | D:9      | Got the dagger of an ossuary {freeze, rElec Str+6 Dex-3}
 10740 | D:9      | Identified the +5 dagger of an ossuary {freeze, rElec Str+6 Dex-3} (You found it on level 9 of the Dungeon)
 10956 | D:10     | Entered Level 10 of the Dungeon
 10960 | D:10     | Found a staircase to the Lair.
 10960 | D:10     | Noticed an elephant
 11008 | D:10     | Killed an elephant
 11088 | D:10     | Found a runed door.
 11089 | D:10     | Found a basalt altar of Yredelemnul.
 11093 | D:10     | Noticed Nergalle
 11137 | D:10     | Killed Nergalle
 11137 | D:10     | Reached skill level 11 in Stealth
 11655 | Lair:1   | Entered Level 1 of the Lair of Beasts
 11662 | Lair:1   | Learned a level 4 spell: Summon Lightning Spire
 11669 | Lair:1   | Learned a level 6 spell: Deflect Missiles
 11952 | Lair:1   | Reached ** piety under Ashenzari
 12031 | Lair:1   | Reached XP level 11. HP: 81/81 MP: 19/21
 12548 | Lair:2   | Reached skill level 1 in Summonings
 12551 | Lair:2   | Reached skill level 1 in Charms
 12556 | Lair:2   | Reached skill level 1 in Air Magic
 12978 | Lair:2   | Found a blossoming altar of Fedhas.
 12999 | Lair:2   | Noticed an oklob plant
 13218 | Lair:3   | Reached *** piety under Ashenzari
 13518 | Lair:3   | Reached skill level 12 in Stealth
 13864 | Lair:3   | Reached XP level 12. HP: 74/89 MP: 10/23
 14004 | Lair:3   | Found a staircase to the Shoals.
 14597 | Lair:4   | Found a hole to the Spider Nest.
 14934 | Lair:4   | Found a blossoming altar of Fedhas.
 15383 | Lair:5   | Found a dark tunnel.
 15397 | Volcano  | Entered a volcano
 15624 | Lair:5   | Reached **** piety under Ashenzari
 15688 | Lair:5   | Noticed a death yak
 15693 | Lair:5   | Noticed a death yak
 15693 | Lair:5   | Noticed a death yak
 15694 | Lair:5   | Noticed a death yak
 15724 | Lair:5   | Killed a death yak
 15851 | Lair:4   | Killed a death yak
 15964 | Lair:4   | Killed a death yak
 16023 | Lair:5   | Noticed a catoblepas
 16034 | Lair:4   | Killed a death yak
 16108 | Lair:4   | Killed a catoblepas
 16590 | Lair:5   | Reached skill level 13 in Stealth
 17028 | Lair:6   | Noticed a six-headed hydra
 17029 | Lair:6   | Noticed a five-headed hydra
 17050 | Lair:5   | Killed a six-headed hydra
 17372 | Lair:6   | Killed a five-headed hydra
 17372 | Lair:6   | Reached skill level 5 in Charms
 17372 | Lair:6   | Reached skill level 5 in Summonings
 17421 | Lair:6   | Reached XP level 13. HP: 85/96 MP: 4/25
 17804 | Lair:6   | Reached skill level 10 in Dodging
 17828 | Lair:6   | Reached ***** piety under Ashenzari
 18091 | Lair:7   | Reached skill level 5 in Air Magic
 18109 | Lair:7   | Found a labyrinth entrance.
 18136 | Lair:7   | Learned a level 6 spell: Invisibility
 18150 | Lab      | Entered a labyrinth
 18466 | Lab      | Noticed a minotaur
 18471 | Lab      | Killed a minotaur
 18474 | Lab      | Got the cursed ring mail of the Sea {rF++ Str-2 Slay+3}
 18491 | Lab      | Identified the cursed +0 ring mail of the Sea {rF++ Str-2 Slay+3} (You found it in a labyrinth)
 20618 | Lair:7   | Noticed Kirke
 20655 | Lair:7   | Killed Kirke
 20824 | Lair:7   | Reached skill level 14 in Stealth
 21586 | Lair:7   | Reached skill level 10 in Short Blades
 21974 | Lair:8   | Entered Level 8 of the Lair of Beasts
 22225 | Lair:7   | Reached XP level 14. HP: 106/106 MP: 21/26
 22344 | Lair:8   | Found a viscous altar of Jiyva.
 22344 | Lair:8   | Found a staircase to the Slime Pits.
 22814 | Lair:8   | Identified the +6 scale mail "Ythruj" {rPois Dex+9}
 22819 | Lair:8   | Mangled by a komodo dragon

Vault maps used:
D:1:      minmay_arrival_widening_spiral_wide, moated_statue
D:2:      kennysheep_big_flooded_room, led_sif_pool
D:4:      amethyst_overflow_temple_binary, first_bread, led_xom_imps,
          uniq_edmund, uniq_sigmund, uniq_duvessa, uniq_blork_the_orc
D:5:      basic_altar
D:6:      marbit_many_paths, nicolae_overflow_crystal_walls, minivault_14,
          cheibriados_altar_1
D:7:      grunt_temple_overflow_holy_war, overflow_temple_1_default,
          temple_fountains, basic_altar
D:8:      zin_angel, johnstein_pakellas_shop, uniq_prince_ribbit1
D:9:      david_orc_2, uniq_pikel
D:10:     david_lair_generic, dk_yredelemnul_ordeal, uniq_nergalle
Temple:   minmay_crystal_spiral_temple_12
Lair:1:   minmay_stone_trees_medium
Lair:2:   tgw_fedhas
Lair:3:   minmay_shoals_entry_centaurs, bh_autumn_forest_stairs,
          serial_bayou_shore_a
Lair:4:   spider_nest_entry_web_field, basic_altar, lemuel_old_faithful,
          infiniplex_staircase_pool_2, lemuel_fruit_fields, serial_bayou_shore_b
Lair:5:   enter_volcano_1
Lair:7:   boulder_dual_corridor_run, lab_entry_generic,
          nicolae_lair_grove_arrangements, grunt_forest_large_clearings,
          infiniplex_staircase_pool, uniq_kirke
Lair:8:   minmay_lair_end_frog_pond, dpeg_slime_entry_enclosed_altar
Lab:      nicolae_lab_grate, nicolae_lab_garden, labyrinth_skeletal_remains
Volcano:  volcano_overflow

Skill      XL: |  1  2  3  4  5  6  7  8  9 10 11 12 13 |
---------------+----------------------------------------+-----
Hexes          | 5 6 7 8 9 10 11 12 13 | 13.2
Stealth        | 5 6 7 8 10 11 12 13 14 | 14.4
Fighting       | 1 2 3 4 5 6 7 8 |  8.4
Dodging        | 3 4 6 7 8 9 10 | 10.7
Short Blades   | 2 3 4 5 6 7 8 9 10 | 10.2
Spellcasting   | 3 4 5 6 7 8 |  8.9
Summonings     | 3 5 6 |  6.8
Charms         | 3 5 6 |  6.6
Air Magic      | 3 4 6 |  6.3

Action                   |  1- 3 |  4- 6 |  7- 9 | 10-12 | 13-15 || total
-------------------------+-------+-------+-------+-------+-------++-------
Melee: Dagger            |   137 |   120 |   351 |   692 |   405 ||  1705
       Bite              |    10 |     8 |    32 |    62 |    50 ||   162
 Cast: Ensorcelled Hiber |    15 |     6 |    73 |   139 |    92 ||   325
       Confuse           |       |    24 |    34 |    34 |    54 ||   146
       Tukima's Dance    |       |       |     1 |     2 |       ||     3
       Dazzling Spray    |       |       |       |    20 |    36 ||    56
       Invisibility      |       |       |       |       |     1 ||     1
       Summon Lightning  |       |       |       |       |     1 ||     1
Invok: Curse Item        |       |       |       |     1 |       ||     1
Evoke: Wand              |       |       |       |       |     1 ||     1
  Use: Potion            |     2 |     6 |     7 |     7 |     8 ||    30
       Scroll            |       |       |       |    10 |     3 ||    13
 Stab: Sleeping          |    20 |     4 |    71 |   115 |    60 ||   270
       Confused          |       |    12 |    24 |    23 |    20 ||    79
       Distracted        |       |       |     1 |       |     1 ||     2
       Invisible         |       |       |       |    10 |    10 ||    20
Armor: Robe              |    44 |    15 |    30 |    66 |     1 ||   156
       Ring mail         |       |       |       |       |    94 ||    94
Dodge: Dodged            |    72 |    47 |   167 |   447 |   330 ||  1063
